 Dungeon Crawl Stone Soup version 0.26.1-11-gd32895ea62 (webtiles) character file.

Game seed: 15918595080439489192

93 porpoise the Vandal (level 4, 0/31 HPs)
             Began as a Halfling Hunter on July 14, 2021.
             Killed from afar by Natasha (5 damage)
             ... with a magic dart
             ... on level 2 of the Dungeon.
             The game lasted 00:04:44 (1905 turns).

porpoise the Vandal (Halfling Hunter)               Turns: 1905, Time: 00:04:44

Health: 0/31       AC:  5    Str: 14    XL:     4   Next: 92%
Magic:  4/4        EV: 13    Int:  9    God:
Gold:   110        SH:  0    Dex: 14    Spells: 3/3 levels left

rFire    . . .     SeeInvis .   b - +1 hunting sling
rCold    . . .     Faith    .   (shield restricted)
rNeg     . . .     Spirit   .   r - +0 ring mail
rPois    .         Reflect  .   (no helmet)
rElec    .         Harm     .   (no cloak)
rCorr    .         Rampage  .   (no gloves)
Will     .....                  (no boots)
Stlth    +.........             (no amulet)
HPRegen  0.10/turn              (no ring)
MPRegen  0.09/turn              (no ring)

@: no status effects
A: small, mutation resistance 1
a: no special abilities


You were on level 2 of the Dungeon.
You visited 1 branch of the dungeon, and saw 2 of its levels.

You collected 110 gold pieces.

Inventory:

Hand Weapons
 a - a +0 rapier of venom
 b - a +1 hunting sling (weapon)
Missiles
 d - 21 sling bullets (quivered ammo)
 e - 35 poisoned darts
 q - 6 boomerangs
Armour
 r - a +0 ring mail (worn)
Scrolls
 f - 3 scrolls of remove curse {unknown}
 g - 2 scrolls of blinking {unknown}
 h - 2 scrolls of identify {unknown}
 i - 2 scrolls of teleportation {unknown}
 n - a scroll of fear {unknown}
 o - a scroll of magic mapping {unknown}
Potions
 j - 3 potions of heal wounds {unknown}
 k - 3 potions of curing {unknown}
 l - a potion of ambrosia {unknown}
 m - a potion of flight {unknown}


   Skills:
 + Level 3.2 Fighting
 + Level 3.3 Short Blades
 - Level 5.8 Slings
 - Level 2.1 Dodging
 - Level 1.1 Stealth


You had 3 spell levels left.
You didn't know any spells.
Your spell library was empty.

Dungeon Overview and Level Annotations

Branches:
Dungeon (2/15)

Altars:

Annotations:
D:2 Natasha


Innate Abilities, Weirdness & Mutations

You are small and have problems with some larger weapons.
You are somewhat resistant to further mutation.


Message History

Press: ? - help, Q - select action, (/) - cycle Shift-Dir - straight line, f/p - Natasha
Aim: Natasha (almost dead, 56% to hit)
You shoot a sling bullet.
The sling bullet closely misses Natasha.
The sling bullet hits the shadow imp!
You kill the shadow imp!
Natasha casts a spell at you. The magic dart hits you!
* * * LOW HITPOINT WARNING * * *
The shadow imp barely misses you.
Fire: 22 sling bullets
Press: ? - help, Q - select action, (/) - cycle Shift-Dir - straight line, f/p - Natasha
Aim: Natasha (almost dead, 56% to hit)
You shoot a sling bullet. The sling bullet barely misses Natasha.
The shadow imp gestures at you. Pain shoots through your body!
* * * LOW HITPOINT WARNING * * *
Natasha casts a spell at you. The magic dart hits you.
You die...

#.####
#.....##.# #.
##....##.# .
#....##.#
#######...##.#
.........##
.........#
.........#
.........###
#######5@..#
##h#.# #((.#
##..# #...
#((.) ##(#..
#(#.## #....


You could see Natasha and a shadow imp (summoned).

Vanquished Creatures
  Natasha (twice) (D:2)
  An adder (D:2)
  A worm (D:2)
  A dart slug (D:2)
  A leopard gecko (D:2)
  A ball python (D:2)
  2 giant cockroaches (D:2)
  2 goblins
  2 hobgoblins (D:1)
  7 jackals (D:1)
  A kobold (D:1)
  A bat (D:1)
  3 frilled lizards (D:2)
  5 rats
30 creatures vanquished.

Notes
Turn   | Place    | Note
-------+----------+-------------------------------------------
     0 | D:1      | porpoise the Halfling Hunter began the quest for the Orb.
     0 | D:1      | Reached XP level 1. HP: 14/14 MP: 1/1
    76 | D:1      | Reached skill level 1 in Short Blades
   242 | D:1      | Reached XP level 2. HP: 18/19 MP: 2/2
   851 | D:1      | You fall into a shaft and drop 1 floor!
  1410 | D:2      | Reached XP level 3. HP: 25/25 MP: 3/3
  1610 | D:2      | Noticed Natasha
  1616 | D:2      | Killed Natasha
  1617 | D:2      | Reached XP level 4. HP: 15/30 MP: 4/4
  1781 | D:2      | Noticed Natasha
  1792 | D:2      | Killed Natasha
  1887 | D:2      | Noticed Natasha
  1905 | D:2      | Killed from afar by Natasha

Illustrated notes

Levels and vault maps discovered:
D:1:      matt_arrival_refuge, layout_basic
D:2:      layout_basic, uniq_natasha

Skill      XL: |  1  2  3  4 |
---------------+-------------+-----
Fighting       | 2 3 |  3.2
Short Blades   | 1 2 3 |  3.3
Slings         | |  5.8
Dodging        | |  2.1
Stealth        | |  1.1

Action                   |  1- 3 |  4- 6 || total
-------------------------+-------+-------++-------
Melee: Short sword       |    48 |       ||    48
       Rapier            |    12 |       ||    12
 Fire: Hunting sling     |     9 |    40 ||    49
 Stab: Sleeping          |     2 |       ||     2
Armor: Leather armour    |    11 |       ||    11
       Ring mail         |     1 |     5 ||     6
Dodge: Dodged            |    33 |    15 ||    48
